 Dungeon Crawl Stone Soup version 0.26.1-10-gdfb7c7de75 (webtiles) character file.

Game seed: 14259488255019215527

98 oldmanjim the Insei (level 4, 0/35 HPs)
             Began as a Draconian Transmuter on Mar 31, 2021.
             Was an Initiate of Okawaru.
             Succumbed to a gnoll's poison
             ... on level 3 of the Dungeon.
             The game lasted 00:11:35 (2250 turns).

oldmanjim the Insei (Draconian Transmuter)          Turns: 2250, Time: 00:11:36

Health: 0/35       AC:  5    Str: 10 (12) XL:     4   Next: 44%
Magic:  7/7        EV: 12    Int: 12 (14) God:    Okawaru [......]
Gold:   63         SH:  0    Dex: 11 (12) Spells: 6/7 levels left

rFire    + . .     SeeInvis .     - Unarmed
rCold    x . .     Faith    .   (no shield)
rNeg     . . .     Spirit   .   (armour unavailable)
rPois    .         Reflect  .   (helmet restricted)
rElec    .         Harm     .   (no cloak)
rCorr    .         Rampage  .   (no gloves)
Will     .....                  (no boots)
Stlth    +.........             (no amulet)
HPRegen  0.11/turn              j - ring of fire
MPRegen  0.10/turn              (no ring)

@: lethally poisoned (0 -> -25), flying
A: unfitting armour, cold-blooded, AC +5
a: Renounce Religion


You were on level 3 of the Dungeon.
You worshipped Okawaru.
Okawaru was noncommittal.
You visited 1 branch of the dungeon, and saw 3 of its levels.

You collected 63 gold pieces.

Inventory:

Missiles
 b - 8 javelins
 e - 52 poisoned darts (quivered)
 f - 27 sling bullets
 k - 28 stones
Jewellery
 j - a ring of fire (left hand)
Scrolls
 a - 2 scrolls of identify {unknown}
 c - a scroll of magic mapping {unknown}
 g - a scroll of remove curse {unknown}
 i - a scroll of amnesia {unknown}
 l - a scroll of enchant weapon {unknown}
 m - a scroll of immolation {unknown}
 p - a scroll of fear {unknown}
Potions
 h - a potion of ambrosia
 n - a potion of cancellation {unknown}


   Skills:
 + Level 1.6 Fighting
 - Level 0.4 Throwing
 - Level 1.7 Dodging
 * Level 4.9 Unarmed Combat
 - Level 2.0 Spellcasting
 + Level 2.3 Transmutations


You had 6 spell levels left.
You knew the following spells:

 Your Spells              Type           Power        Failure   Level
a - Beastly Appendage     Tmut           12%          11%         1

Your spell library contained the following spells:

 Spells                   Type           Power        Failure   Level
 Wereblood                Tmut           6%           16%         2
 Spider Form              Tmut/Pois      2%           45%         3
 Ice Form                 Ice/Tmut       4%           86%         4
 Blade Hands              Tmut           3%           96%         5


Dungeon Overview and Level Annotations

Branches:
Dungeon (3/15)

Altars:
Ashenzari
Okawaru


Innate Abilities, Weirdness & Mutations

Your plain brown scales are hard. (AC +5)
You cannot fit into any form of body armour.
You are cold-blooded and may be slowed by cold attacks.


Message History

You feel sick. The gnoll barely misses you.
You feel less invigorated.
You feel less confused.
You feel very sick. The gnoll hits you but does no damage.
You are more poisoned.
* * * LOW HITPOINT WARNING * * *
You feel very sick.
The gnoll hits the bush but does no damage.
The bush is poisoned.
* * * LOW HITPOINT WARNING * * *
You feel sick.
* * * LOW HITPOINT WARNING * * *
You feel sick.
* * * LOW HITPOINT WARNING * * *
You feel very sick.
It was a potion of degeneration.
There was something very wrong with that liquid.
You feel weakened.
You feel dopey.
You feel clumsy.
You die... ######### PPPPPPPPP# P.P.....P# PPP.PPP.P.P## ....P...P...# P.PPPPP.P.P.# ....P...P.P.# PPP.P(PPP.P@# ........P.P.# PPP.PPP.PPP.# .P P...P.....P.# ###P.PPPPPPPPPPP.#

.....##
#..#
##...##
#.###
#.....##
###...#
......>##
##.###.#


There were no monsters in sight!

Vanquished Creatures
  A hound zombie (D:3)
  2 gnolls (D:2)
  An adder (D:2)
  An ufetubus (D:3)
  An ooze (D:2)
  3 leopard geckos
  An orc (D:3)
  6 goblins
  8 hobgoblins
  2 jackals (D:2)
  6 kobolds
  3 bats (D:2)
  3 frilled lizards
  5 rats
43 creatures vanquished.

Vanquished Creatures (others)
  A withered plant (D:3)
1 creature vanquished.

Grand Total: 44 creatures vanquished

Notes
Turn   | Place    | Note
-------+----------+-------------------------------------------
     0 | D:1      | oldmanjim the Draconian Transmuter began the quest for the
                  | Orb.
     0 | D:1      | Reached XP level 1. HP: 16/16 MP: 3/3
   354 | D:1      | Reached XP level 2. HP: 19/23 MP: 5/5
   996 | D:2      | Reached skill level 4 in Unarmed Combat
  1087 | D:2      | Reached XP level 3. HP: 28/28 MP: 4/6
  1483 | D:2      | Found a broken altar of Ashenzari.
  1556 | D:2      | Found an iron altar of Okawaru.
  1564 | D:2      | Became a worshipper of Warmaster Okawaru
  1895 | D:2      | Reached XP level 4. HP: 11/35 MP: 7/7
  2250 | D:3      | Succumbed to a gnoll's poison

Illustrated notes

Levels and vault maps discovered:
D:1:      elethiomel_arrival_quiet, layout_basic
D:2:      layout_basic, okawaru_gym_becter, ashenzari_conservatory_becter
D:3:      layout_loops_corners, serial_undead, serial_undead_b, serial_undead_a,
          serial_undead_b, serial_undead_f, minmay_hedge_maze,
          uniq_crazy_yiuf_cottage

Skill      XL: |  1  2 |
---------------+-------+-----
Unarmed Combat | 4 |  4.9
Fighting       | |  1.6
Throwing       | |  0.4
Dodging        | |  1.7
Spellcasting   | |  2.0
Transmutations | |  2.3

Action                   |  1- 3 |  4- 6 || total
-------------------------+-------+-------++-------
Melee: Unarmed           |   105 |    17 ||   122
       Tailslap          |     6 |     2 ||     8
       Punch             |     4 |       ||     4
       Kick              |     6 |     2 ||     8
       Headbutt          |     3 |       ||     3
Throw: Dart              |    37 |     8 ||    45
 Cast: Beastly Appendage |     5 |     2 ||     7
  Use: Potion            |       |     3 ||     3
Armor: Skin              |    24 |     8 ||    32
Dodge: Dodged            |    86 |    16 ||   102
